 Dungeon Crawl Stone Soup version 0.21.1-1-g345015f (webtiles) character file.

1388 rb the Carver (level 8, -4/59 HPs)
             Began as a Barachi Fighter on Feb 8, 2018.
             Slain by apoch's ghost (13 damage)
             ... on level 8 of the Dungeon.
             The game lasted 00:11:53 (5797 turns).

rb the Carver (Barachi Fighter)                     Turns: 5797, Time: 00:11:54

Health: -4/59      AC: 15    Str: 28    XL:     8   Next: 68%
Magic:  8/8        EV: 11    Int:  9    God:
Gold:   299        SH: 13    Dex: 18    Spells: 7/7 levels left

rFire    . . .     SeeInvis .   a - +1 long sword
rCold    . . .     Gourm    .   c - +0 shield
rNeg     . . .     Faith    .   t - +0 plate armour
rPois    +         Spirit   .   (no helmet)
rElec    .         Reflect  .   k - +2 cloak
rCorr    .         Harm     .   x - +0 pair of gloves
MR       .....                  (no boots)
Stlth    ..........             (no amulet)
HPRegen  0.19/turn              i - +5 ring of strength
MPRegen  0.11/turn              n - ring of poison resistance

@: mighty, agile, slow
A: +LOS, swims, slowness 1, strong legs 1
a: Hop


You were on level 8 of the Dungeon.
You were not hungry.

You visited 2 branches of the dungeon, and saw 7 of its levels.

You collected 299 gold pieces.

Inventory:

Hand Weapons
 a - a +1 long sword (weapon)
 b - a +0 mace
Missiles
 e - 150 stones
 m - 6 tomahawks (quivered)
Armour
 c - a +0 shield (worn)
 k - a +2 cloak (worn)
 t - a +0 plate armour (worn)
 x - a +0 pair of gloves (worn)
 y - +0 ice dragon scales
Jewellery
 i - a +5 ring of strength (left hand)
 n - a ring of poison resistance (right hand)
 A - an uncursed ring of resist corrosion {unknown}
Wands
 s - a wand of iceblast (9)
Scrolls
 g - a scroll of enchant weapon
 h - 4 scrolls of fog
 o - 2 scrolls of identify
 p - 3 scrolls of remove curse
 q - 3 scrolls of teleportation
 w - 3 scrolls of amnesia {unknown}
 z - a scroll of fear
Potions
 d - 2 potions of might
 j - a potion of berserk rage {unknown}
 l - 2 potions of agility
 r - a potion of degeneration {unknown}
 v - 2 potions of curing {unknown}
 C - a potion of brilliance {unknown}
Books
 u - a book of Maledictions

   Spells                             Type                      Level
   a - Corona                         Hexes                        1
   b - Ensorcelled Hibernation        Hexes/Ice                    2
   c - Confuse                        Hexes                        3
   d - Tukima's Dance                 Hexes                        3
   e - Dazzling Spray                 Conjuration/Hexes            3
Comestibles
 f - 8 rations
 B - 3 chunks of flesh


   Skills:
 - Level 3.6 Fighting
 + Level 9.1 Long Blades
 - Level 3.6 Armour
 + Level 8.7 Shields


You had 7 spell levels left.
You didn't know any spells.

Dungeon Overview and Level Annotations

Branches:
Dungeon (5/15)             Temple (1/1) D:5

Altars:
Ashenzari
Cheibriados
Dithmenos
Elyvilon
Fedhas
Nemelex Xobeh
Qazlal
Ru
Sif Muna
Uskayaw
Vehumet
Wu Jian
Xom
Yredelemnul
Zin
The Shining One

Annotations:
D:8 apoch's ghost, novice MfFi


Innate Abilities, Weirdness & Mutations

Shadows flee at your approach. (+LOS)
You can swim through water.
You cover ground slowly.
You can hop short distances.


Message History

You block apoch's ghost's attack.
Apoch's ghost says, "One skewered Frog, coming right up."
You closely miss apoch's ghost.
Apoch's ghost is moderately damaged.
Apoch's ghost hits you!
* * * LOW HITPOINT WARNING * * *
You hit apoch's ghost but do no damage.
Apoch's ghost is moderately damaged.
You block apoch's ghost's attack.
You feel agile all of a sudden.
Apoch's ghost hits you but does no damage.
You feel very mighty all of a sudden. You block apoch's ghost's attack.
You closely miss apoch's ghost.
Apoch's ghost is moderately damaged.
Apoch's ghost hits you but does no damage.
You closely miss apoch's ghost.
Apoch's ghost is moderately damaged.
Apoch's ghost hits you!
You die...

..... ###...##
#.....?# #...?o.#
#......# #......#
#......# ####
#......#######....#..
#.........oW@........
##.....#######....##.
#....... ...#
###....... ..#
#........# .#
#........# #
#..$.....# #........#
#........#


You could see apoch's ghost and an orc.

Vanquished Creatures
  Grinder (D:4)
  The ghost of Econoterrorist the Insei, an amateur DsMo (D:3)
  A sky beast (D:5)
  2 ogres (D:5)
  A phantom (D:5)
  Blork the orc (D:4)
  A water moccasin skeleton (D:4)
  A howler monkey (D:5)
  A bullfrog zombie (D:5)
  2 orc priests
  A gnoll shaman (D:4)
  An orc wizard (D:3)
  A bullfrog skeleton (D:5)
  4 worker ants
  Natasha (thrice) (D:4)
  3 gnolls (D:4)
  6 adders
  2 shadow imps (D:5)
  An ooze (D:3)
  An adder skeleton (D:5)
  An adder zombie (D:5)
  3 worms
  3 leopard geckos
  10 orcs
  2 ball pythons (D:1)
  2 giant cockroaches
  6 goblins
  5 hobgoblins
  11 jackals
  6 kobolds
  A quokka (D:5)
  7 bats
  3 frilled lizards
  A jackal skeleton (D:5)
  9 rats
105 creatures vanquished.

Notes
Turn   | Place    | Note
-------+----------+-------------------------------------------
     0 | D:1      | rb the Barachi Fighter began the quest for the Orb.
     0 | D:1      | Reached XP level 1. HP: 18/18 MP: 1/1
    95 | D:1      | Reached XP level 2. HP: 13/24 MP: 2/2
    96 | D:1      | Reached skill level 3 in Long Blades
   754 | D:1      | Reached XP level 3. HP: 28/29 MP: 3/3
  1329 | D:2      | Reached XP level 4. HP: 36/36 MP: 4/4
  1397 | D:2      | Reached skill level 4 in Long Blades
  1797 | D:3      | Noticed Econoterrorist's ghost (amateur DsMo)
  1812 | D:3      | Killed Econoterrorist's ghost
  1812 | D:3      | Reached skill level 5 in Long Blades
  1812 | D:3      | Reached skill level 5 in Shields
  1812 | D:3      | Reached XP level 5. HP: 24/41 MP: 5/5
  1960 | D:3      | Reached XP level 6. HP: 47/47 MP: 6/6
  2893 | D:4      | Noticed Natasha
  2896 | D:4      | Killed Natasha
  2896 | D:4      | Reached skill level 6 in Long Blades
  3046 | D:4      | Noticed Blork the orc
  3059 | D:4      | Killed Blork the orc
  3237 | D:4      | Reached XP level 7. HP: 37/52 MP: 7/7
  3670 | D:4      | Noticed Natasha
  3675 | D:4      | Killed Natasha
  3709 | D:4      | Noticed Natasha
  3717 | D:4      | Killed Natasha
  3986 | D:4      | Noticed Grinder
  4004 | D:4      | Paralysed by Grinder for 7 turns
  4015 | D:4      | Paralysed by Grinder for 6 turns
  4023 | D:4      | Killed Grinder
  4023 | D:4      | Reached skill level 7 in Long Blades
  4451 | D:5      | Entered Level 5 of the Dungeon
  4486 | D:5      | Reached XP level 8. HP: 48/59 MP: 8/8
  4544 | D:5      | Reached skill level 8 in Long Blades
  4582 | D:5      | Found a snail-covered altar of Cheibriados.
  4582 | D:5      | Found a blossoming altar of Fedhas.
  5154 | D:5      | Reached skill level 9 in Long Blades
  5210 | D:5      | Found a staircase to the Ecumenical Temple.
  5222 | Temple   | Entered the Ecumenical Temple
  5769 | D:5      | You fall through a shaft for 3 floors!
  5769 | D:8      | Noticed apoch's ghost (novice MfFi)
  5797 | D:8      | Slain by apoch's ghost

Skill      XL: |  1  2  3  4  5  6  7  8 |
---------------+-------------------------+-----
Long Blades    | 3 5 6 7 9 |  9.1
Shields        | 4 5 6 7 8 |  8.7
Fighting       | |  3.6
Armour         | |  3.6

Action                   |  1- 3 |  4- 6 |  7- 9 || total
-------------------------+-------+-------+-------++-------
Melee: Long sword        |   101 |   158 |   243 ||   502
Throw: Tomahawk          |       |       |     1 ||     1
  Use: Scroll            |     5 |     4 |     2 ||    11
       Potion            |       |       |     2 ||     2
  Eat: Chunk             |     1 |     8 |     6 ||    15
       Ration            |       |       |     1 ||     1
Armor: Chain mail        |    75 |    80 |    27 ||   182
       Plate armour      |       |       |    81 ||    81
Dodge: Dodged            |    23 |    26 |    44 ||    93
Block: Shield            |    61 |    76 |   132 ||   269
       Rpst.: Long sword |     6 |     9 |    12 ||    27
